 Dungeon Crawl Stone Soup version 0.22.0 (webtiles) character file.

9536 Faca the Severer (level 11, -5/103 (104) HPs)
             Began as a Minotaur Berserker on Aug 12, 2018.
             Was a High Priest of Trog.
             Slain by a vampire mosquito (7 damage)
             ... on level 14 of the Dungeon.
             The game lasted 00:36:23 (10470 turns).

Faca the Severer (Minotaur Berserker)              Turns: 10470, Time: 00:36:24

HP:   -5/103 (104)  AC: 12    Str: 24    XL:     11   Next: 24%
MP:   0/10          EV: 10    Int:  7    God:    Trog [*****.]
Gold: 626           SH:  0    Dex: 11    Spells: 10/10 levels left

rFire    . . .     SeeInvis +   r - +2 hand axe (chop)
rCold    . . .     Gourm    .   (no shield)
rNeg     . . .     Faith    .   o - +0 chain mail
rPois    .         Spirit   +   (helmet restricted)
rElec    .         Reflect  .   i - +2 cloak
rCorr    .         Harm     .   (no gloves)
MR       .....                  (no boots)
Stlth    ..........             g - amulet of guardian spirit
HPRegen  0.27/turn              b - ring of see invisible
MPRegen  0.12/turn              w - +3 ring of intelligence

@: about to teleport
A: retaliatory headbutt, horns 2
a: Berserk, Trog's Hand, Brothers in Arms, Renounce Religion


You were on level 14 of the Dungeon.
You worshipped Trog.
Trog was extremely pleased with you.
You were not hungry.

You visited 1 branch of the dungeon, and saw 12 of its levels.

You collected 626 gold pieces.

Inventory:

Hand Weapons
 e - a cursed +6 battleaxe
 q - a +0 flail of protection
 r - a +2 hand axe of chopping (weapon)
 G - a +1 antimagic battleaxe
Armour
 i - a +2 cloak (worn)
 o - a +0 chain mail (worn)
 u - the +0 cloak "Qoinn" {rC++ MR- SInv}
   (You found it on level 6 of the Dungeon)

   It greatly protects you from cold.
   It affects your resistance to hostile enchantments.
   It lets you see invisible.
 y - a +0 plate armour
Jewellery
 b - a ring of see invisible (left hand)
 g - an amulet of guardian spirit (around neck)
 w - a +3 ring of intelligence (right hand)
 K - an uncursed ring of protection from cold {unknown}
Wands
 m - a wand of iceblast (6)
 s - a wand of digging (3)
Scrolls
 j - a scroll of fog
 l - 2 scrolls of teleportation
 n - 3 scrolls of remove curse
 z - 2 scrolls of enchant armour
 A - a scroll of blinking {unknown}
 B - 2 scrolls of magic mapping
 H - a scroll of holy word {unknown}
Potions
 a - 5 potions of lignification
 d - 4 potions of curing
 f - a potion of berserk rage
 h - a potion of invisibility
 k - 2 potions of cancellation
 p - a potion of experience {unknown}
 t - 2 potions of brilliance
 v - a potion of mutation
 x - a potion of magic {unknown}
 C - 2 potions of heal wounds {unknown}
 D - a potion of agility
 E - a potion of might
 F - a potion of flight {unknown}
 I - a potion of ambrosia {unknown}
Comestibles
 c - 14 rations


   Skills:
 + Level 12.0 Fighting
 * Level 15.9 Axes
 + Level 4.6 Armour
 + Level 4.2 Dodging


You had 10 spell levels left.
You didn't know any spells.
Your spell library was empty.

Dungeon Overview and Level Annotations

Branches:
Dungeon (11/15)            Temple (0/1) D:5            Lair (0/6) D:8
    Orc: D:9-12

Altars:
Ashenzari
Dithmenos
Okawaru
Ru
Sif Muna
Uskayaw
Vehumet
Xom

Shops:
D:9 (

Annotations:
D:6 2 transporters, Gorgoleon's ghost, amateur HuGl
D:9 exclusion: statue


Innate Abilities, Weirdness & Mutations

You reflexively headbutt those who attack you in melee.
You have a pair of horns on your head.


Message History

The vampire mosquito bites you.
* * * LOW HITPOINT WARNING * * *
The vampire mosquito draws strength from your injuries!
The vampire mosquito bites you.
* * * LOW HITPOINT WARNING * * *
The vampire mosquito draws strength from your injuries!
The vampire mosquito bites you but does no damage.
The kobold demonologist mumbles some strange words.
The vampire mosquito bites you but does no damage.
The unseen horror barely misses you. You furiously retaliate!
You headbutt the unseen horror, but do no damage.
Unknown command.
You slash the vampire mosquito!
The vampire mosquito is heavily damaged.
You hit the vampire mosquito but do no damage.
You closely miss the vampire mosquito. You hit the vampire mosquito.
You barely miss the white ugly thing. You slash the vampire mosquito!
You hit the unseen horror but do no damage.
The vampire mosquito bites you!
You die...

......................,*,,,,,*,,,
.........u.............#**'***,,,
.......................#,,,,,*,,,
.......................#,,,,,+,,,
.5..........5..........#******,,,
.......=................,,,,,,,,,
........!55K..3.........,,,,,,,,,
...........5.Zyuyx......,,,,,,,,,
..............yy@y......,,,,,,,,,
..............4yy.......,,,,,,,,,
,...................<...,,,,,,,,,
**#######.....##########*********
#.....# #.....# #?....* #....,*
*,,,,,*


You could see 2 ugly things, a kobold demonologist, a sixfirhy, an unseen horror
(invisible), a red devil, 7 vampire mosquitoes, 3 crimson imps, a shadow imp and
a wyvern simulacrum.

Vanquished Creatures
  2 tengu warriors (D:11)
  2 trolls
  Grinder (D:5)
  Eustachio (D:5)
  A wyvern (D:10)
  8 yaks
  A hungry ghost (D:10)
  Menkaure (D:7)
  Duvessa (D:7)
  2 porcupines (D:8)
  2 orc warriors (D:8)
  8 ice beasts
  2 sky beasts
  A black bear (D:8)
  A necrophage (D:6)
  5 ogres
  8 centaurs
  A crocodile (D:9)
  A big kobold (D:8)
  Blork the orc (D:4)
  8 bullfrogs
  Dowan (D:7)
  A scorpion (D:8)
  13 killer bees (D:10)
  9 wights
  4 howler monkeys
  A bullfrog zombie (D:9)
  A crimson imp (D:9)
  A centaur zombie (D:7)
  A jelly (D:6)
  3 hounds
  4 orc priests
  3 centaur skeletons
  A bullfrog skeleton (D:6)
  Terence (D:3)
  11 orc wizards
  2 iguanas
  8 worker ants
  A killer bee zombie (D:8)
  A hound skeleton (D:6)
  2 worker ant zombies (D:8)
  7 gnolls
  2 howler monkey skeletons (D:4)
  12 adders
  A shadow imp (D:9)
  An ooze (D:4)
  An adder skeleton (D:6)
  4 worms
  A dart slug (D:1)
  4 leopard geckos
  51 orcs
  4 giant cockroaches
  14 goblins
  10 hobgoblins
  6 jackals (D:5)
  11 bats
  4 frilled lizards
  A giant cockroach zombie (D:5)
  8 kobolds
  2 leopard gecko skeletons (D:5)
  A leopard gecko zombie (D:5)
  5 rats
  A fungus (D:8)
278 creatures vanquished.

Notes
Turn   | Place    | Note
-------+----------+-------------------------------------------
     0 | D:1      | Faca the Minotaur Berserker began the quest for the Orb.
     0 | D:1      | Reached XP level 1. HP: 19/19 MP: 0/0
    33 | D:1      | Reached skill level 4 in Axes
    44 | D:1      | Reached XP level 2. HP: 26/27 MP: 1/1
   673 | D:2      | Reached XP level 3. HP: 18/33 MP: 2/2
   992 | D:2      | Reached skill level 5 in Axes
   993 | D:2      | Reached ** piety under Trog
  1285 | D:2      | Found a shattered altar of Ashenzari.
  1342 | D:2      | Reached XP level 4. HP: 41/41 MP: 3/3
  2031 | D:3      | Found a hide-covered altar of Uskayaw.
  2060 | D:3      | Noticed Terence
  2079 | D:3      | Killed Terence
  2113 | D:3      | Reached skill level 6 in Axes
  2191 | D:3      | Reached XP level 5. HP: 47/47 MP: 4/4
  2418 | D:3      | Reached skill level 5 in Fighting
  2692 | D:4      | Noticed an ogre
  2698 | D:4      | Killed an ogre
  2698 | D:4      | Reached skill level 7 in Axes
  2698 | D:4      | Reached XP level 6. HP: 56/56 MP: 5/5
  2854 | D:4      | Reached *** piety under Trog
  2924 | D:4      | Noticed Blork the orc
  2941 | D:4      | Killed Blork the orc
  2941 | D:4      | Reached skill level 8 in Axes
  2941 | D:4      | Reached XP level 7. HP: 61/63 MP: 6/6
  3527 | D:5      | Entered Level 5 of the Dungeon
  3534 | D:5      | Reached skill level 9 in Axes
  3906 | D:5      | Reached XP level 8. HP: 73/73 MP: 7/7
  3988 | D:5      | Found a staircase to the Ecumenical Temple.
  3993 | D:5      | Reached **** piety under Trog
  4022 | D:5      | Reached skill level 10 in Axes
  4141 | D:5      | Noticed Grinder
  4147 | D:5      | Killed Grinder
  4264 | D:5      | Noticed Eustachio
  4286 | D:5      | Killed Eustachio
  4286 | D:5      | Reached skill level 11 in Axes
  4529 | D:6      | Found a transporter.
  4529 | D:6      | Noticed Gorgoleon's ghost (amateur HuGl)
  4530 | D:6      | Noticed a two-headed ogre
  4563 | D:6      | Got a pitted cloak
  4569 | D:6      | Identified the +0 cloak "Qoinn" {rC++ MR- SInv} (You found it on level 6 of the Dungeon)
  4759 | D:6      | Found a transporter.
  4929 | D:6      | Reached XP level 9. HP: 69/81 MP: 5/8
  5302 | D:6      | Reached skill level 12 in Axes
  5503 | D:7      | Noticed Menkaure
  5512 | D:7      | Killed Menkaure
  5860 | D:7      | Found a shimmering altar of Xom.
  6092 | D:7      | Noticed Duvessa
  6092 | D:7      | Noticed Dowan
  6111 | D:7      | Killed Duvessa
  6111 | D:7      | Reached skill level 13 in Axes
  6117 | D:7      | Reached ***** piety under Trog
  6128 | D:7      | Killed Dowan
  6380 | D:7      | Found a sacrificial altar of Ru.
  6413 | D:7      | Reached skill level 10 in Fighting
  6996 | D:8      | Reached XP level 10. HP: 30/93 MP: 4/9
  7312 | D:8      | Reached skill level 14 in Axes
  7438 | D:8      | Found a staircase to the Lair.
  8269 | D:9      | Found a deep blue altar of Sif Muna.
  8287 | D:9      | Found a shadowy altar of Dithmenos.
  8301 | D:9      | Found a radiant altar of Vehumet.
  8373 | D:9      | Found an iron altar of Okawaru.
  8467 | D:9      | Received a gift from Trog
  8515 | D:9      | Reached skill level 15 in Axes
  8811 | D:9      | Found Yngidat's Weapon Boutique.
  9110 | D:10     | Entered Level 10 of the Dungeon
  9568 | D:10     | Reached XP level 11. HP: 95/103 MP: 8/10
 10060 | D:11     | Noticed a tengu warrior
 10089 | D:11     | Killed a tengu warrior
 10126 | D:11     | Noticed a tengu warrior
 10148 | D:11     | Killed a tengu warrior
 10443 | D:11     | You fall through a shaft for 3 floors!
 10443 | D:14     | Noticed a deep elf mage
 10453 | D:14     | Noticed a white ugly thing
 10454 | D:14     | Noticed a white ugly thing
 10454 | D:14     | Noticed a white ugly thing
 10461 | D:14     | Noticed a sixfirhy
 10466 | D:14     | Noticed an unseen horror
 10469 | D:14     | HP: 3/103 [vampire mosquito (3)]
 10470 | D:14     | Slain by a vampire mosquito

Skill      XL: |  1  2  3  4  5  6  7  8  9 10 11 |
---------------+----------------------------------+-----
Axes           | 4 5 6 7 8 9 11 13 15 | 15.9
Fighting       | 4 5 6 7 8 10 11 12 | 12.0
Armour         | 3 4 |  4.6
Dodging        | 3 4 |  4.2

Action                   |  1- 3 |  4- 6 |  7- 9 | 10-12 || total
-------------------------+-------+-------+-------+-------++-------
Melee: Hand axe          |    77 |   113 |   316 |   316 ||   822
       Headbutt          |    11 |    23 |    70 |    72 ||   176
       Unarmed           |       |     6 |       |       ||     6
Invok: Berserk           |       |     2 |     1 |     2 ||     5
Evoke: Wand              |       |       |     1 |       ||     1
  Use: Scroll            |       |     8 |     8 |     7 ||    23
       Potion            |       |       |     1 |       ||     1
 Stab: Sleeping          |     1 |       |       |       ||     1
  Eat: Chunk             |     1 |       |     2 |     1 ||     4
       Ration            |       |     2 |     4 |     4 ||    10
Armor: Animal skin       |     5 |       |       |       ||     5
       Leather armour    |     7 |    11 |       |       ||    18
       Scale mail        |       |     7 |    80 |       ||    87
       Chain mail        |       |       |     5 |   100 ||   105
Dodge: Dodged            |    49 |    56 |   129 |   132 ||   366
Block: Buckler           |       |    12 |    28 |     6 ||    46
